[Event "Titled Tuesday Blitz August 16 Early 2022"]
[White "Martinez Alcantara, Jose Eduardo"]
[Black "Kononenko, Dmitry"]
[WhiteFideId "3805662"]
[BlackFideId "14113538"]
[WhiteElo "2703"]
[BlackElo "2129"]
[Result "1-0"]
[Round "03"]
[TimeControl "180+1"]
[Date "2022.08.16"]
[WhiteClock "0:00:08"]
[BlackClock "0:00:49"]

1. e4 c6 2. Nf3 d5 3. d3 dxe4 4. dxe4 Qxd1+ 5. Kxd1 g6 6. c3 Bg7 7. Bf4 f5 8. e5 Nh6 9. h3 Nf7 10. Bc4 e6 11. Nbd2 h6 12. h4 Ke7 13. Kc2 Nd7 14. Rae1 b5 15. Bxe6 Kxe6 16. Nd4+ Kd5 17. e6 Nfe5 18. exd7 Bxd7 19. N2b3 c5 20. Bxe5 Bxe5 21. Nxc5 Rad8 22. Nxd7 Rxd7 23. Nxb5 Rb7 24. b3 Rc8 25. c4+ Ke6 26. Rxe5+ Kxe5 27. Re1+ Kf4 28. Nd6 Rcc7 29. Nxb7 Rxb7 30. c5 Kg4 31. Re6 Rg7 32. b4 Kxh4 33. a4 f4 34. b5 f3 35. gxf3 Kg5 36. a5 h5 37. b6 axb6 38. cxb6 h4 39. a6 h3 40. b7 Rc7+ 41. Kb2 h2 42. Re1 Re7 43. Rh1 Re2+ 44. Kc3 Rxf2 45. b8=Q Rxf3+ 46. Kd2 Rh3 47. Rxh2 1-0


[Site "https://www.chess.com"]

[Event "Titled Tuesday Blitz August 16 Early 2022"]
[White "Martinez Reyes, Pedro Ramon"]
[Black "Guz, Ari"]
[WhiteFideId "3901807"]
[BlackFideId "2825759"]
[WhiteElo "2408"]
[BlackElo "2308"]
[Result "0-1"]
[Round "03"]
[TimeControl "180+2"]
[Date "2022.08.18"]
[WhiteClock "0:00:00"]
[BlackClock "0:00:00"]

1. d4 g6 2. Nf3 Bg7 3. c4 Nf6 4. Nc3 O-O 5. e3 c5 6. Be2 cxd4 7. Nxd4 Nc6 8. O-O d5 9. Ndb5 dxc4 10. Bxc4 a6 11. Nd4 Nxd4 12. exd4 b5 13. Bb3 Bb7 14. Qe2 e6 15. Rd1 Nd5 16. Ne4 Nb6 17. Bg5 Qe8 18. Rac1 Bd5 19. Nf6+ Bxf6 20. Bxf6 Bxb3 21. axb3 Nd5 22. Be5 Rc8 23. Bd6 Qd7 24. Bxf8 Rxf8 25. Qe5 Qe7 26. g3 Qb4 27. Rd3 h5 28. Kg2 a5 29. Rc2 a4 30. bxa4 Qxa4 31. Re2 Qc4 32. h3 Qxd3 33. g4 Qxe2 0-1


[Site "https://www.chess.com"]

[Event "Titled Tuesday Blitz August 16 Early 2022"]
[White "Martinez, Shawn"]
[Black "Aldokhin, Ivan"]
[WhiteFideId "2039770"]
[BlackFideId "24115720"]
[WhiteElo "2174"]
[BlackElo "2246"]
[Result "0-1"]
[Round "03"]
[TimeControl "180+2"]
[Date "2022.08.18"]
[WhiteClock "0:00:00"]
[BlackClock "0:00:00"]

1. e4 c5 2. Nc3 e6 3. g3 Nc6 4. Bg2 g6 5. Nge2 Bg7 6. O-O Nge7 7. d3 O-O 8. Be3 Nd4 9. Qd2 Nec6 10. Rab1 b5 11. f4 b4 12. Nd1 d5 13. c3 Nxe2+ 14. Qxe2 bxc3 15. Bxc5 Bd4+ 16. Bxd4 Nxd4 17. Qe3 c2 18. Nf2 cxb1=Q 19. Rxb1 Qb6 20. f5 exf5 21. exd5 Bb7 22. Qh6 Rfe8 23. Nh3 f4 24. Kh1 f3 25. Bf1 Bxd5 26. Ng5 f2+ 27. Bg2 Re1+ 28. Rxe1 fxe1=Q# 0-1


[Site "https://www.chess.com"]

[Event "Titled Tuesday Blitz August 16 Early 2022"]
[White "Matveeva, Olga"]
[Black "Voege, Tobias"]
[WhiteFideId "24107018"]
[BlackFideId "1270513"]
[WhiteElo "2052"]
[BlackElo "2360"]
[Result "1-0"]
[Round "03"]
[TimeControl "180+2"]
[Date "2022.08.18"]
[WhiteClock "0:00:00"]
[BlackClock "0:00:00"]

1. d4 Nf6 2. c4 g6 3. g3 Bg7 4. Bg2 O-O 5. Nf3 d6 6. O-O c6 7. Nc3 a6 8. h3 b5 9. b3 Bb7 10. Bb2 Nbd7 11. Qc2 Rb8 12. Rab1 c5 13. Rfd1 b4 14. Na4 Be4 15. Qc1 Bxb1 16. Qxb1 Qc7 17. d5 Nb6 18. Nxb6 Qxb6 19. e4 a5 20. e5 Nd7 21. e6 fxe6 22. dxe6 Nf6 23. Ng5 a4 24. Nf7 axb3 25. axb3 Qa6 26. g4 Qc8 27. g5 Nh5 28. Bd5 Bxb2 29. Qxb2 Ng7 30. Nh6+ Kh8 31. Nf7+ Kg8 32. Nh6+ Kh8 33. Nf7+ Rxf7 34. exf7 Qf5 35. Re1 Qxg5+ 36. Kh1 e5 37. Qa1 Qf5 38. Kg2 Rf8 39. Qa7 Ne6 40. Qe7 Nf4+ 41. Kg1 Nxh3+ 42. Kh1 Nxf2+ 43. Kg2 Kg7 44. Rf1 Qg4+ 45. Kxf2 Qf4+ 46. Ke2 Qg4+ 47. Rf3 Qg2+ 48. Rf2 Qg4+ 49. Ke1 e4 50. Qf6+ Kh6 51. Rh2+ Qh5 52. Rxh5+ Kxh5 53. Bxe4 1-0


[Site "https://www.chess.com"]

[Event "Titled Tuesday Blitz August 16 Early 2022"]
[White "Matyukov, Petr"]
[Black "McBryde, Lamel"]
[WhiteFideId "4103688"]
[BlackFideId "2058596"]
[WhiteElo "2278"]
[BlackElo "2136"]
[Result "0-1"]
[Round "03"]
[TimeControl "180+2"]
[Date "2022.08.18"]
[WhiteClock "0:00:00"]
[BlackClock "0:00:00"]

1. d4 Nf6 2. c4 g6 3. Nf3 Bg7 4. e3 O-O 5. Be2 d6 6. O-O Nc6 7. Nc3 Bg4 8. Rb1 Bf5 9. Bd3 Bxd3 10. Qxd3 Nd7 11. b4 e5 12. b5 Ne7 13. a4 f5 14. dxe5 Nxe5 15. Nxe5 dxe5 16. Qe2 Qe8 17. Ba3 Qf7 18. Rbd1 Rfd8 19. Bxe7 Qxe7 20. Nd5 Qc5 21. a5 c6 22. Nc7 Rxd1 23. Rxd1 Rc8 24. Ne6 Qe7 25. Nxg7 Kxg7 26. Qb2 Kf7 27. h3 Ke6 28. f4 Qc5 29. Qxe5+ Qxe5 30. fxe5 cxb5 31. cxb5 Rc5 32. b6 axb6 33. axb6 Rc6 34. Rb1 Kxe5 35. Kf2 Rc4 36. Rb5+ Ke4 37. Kg3 g5 38. h4 h6 39. hxg5 hxg5 40. Rb3 Rc2 41. Rb4+ Kxe3 42. Rb5 f4+ 43. Kg4 Rxg2+ 44. Kf5 f3 45. Rb3+ Ke2 46. Rb2+ Ke3 47. Rb3+ Kf2 48. Ke4 Rg3 49. Rb2+ Kg1 50. Rb1+ Kg2 51. Rb2+ f2 52. Rb1 f1=Q 0-1


[Site "https://www.chess.com"]

[Event "Titled Tuesday Blitz August 16 Early 2022"]
[White "Mendez Fortes, Eduardo Jesus"]
[Black "Shuvalova, Polina"]
[WhiteFideId "3502376"]
[BlackFideId "24171760"]
[WhiteElo "2307"]
[BlackElo "2330"]
[Result "0-1"]
[Round "03"]
[TimeControl "180+2"]
[Date "2022.08.18"]
[WhiteClock "0:00:00"]
[BlackClock "0:00:00"]

1. e4 c6 2. d4 d5 3. e5 Bf5 4. Nf3 e6 5. Be2 Ne7 6. O-O Ng6 7. Nbd2 f6 8. exf6 Qxf6 9. Nb3 Nd7 10. a4 Bd6 11. a5 a6 12. c4 O-O 13. c5 Bc7 14. Re1 Rae8 15. Bg5 Qf7 16. Be3 Nf4 17. Qd2 Nxg2 18. Ng5 Qg6 19. Kxg2 h6 20. h4 hxg5 21. hxg5 e5 22. Rh1 Be4+ 23. f3 exd4 24. Nxd4 Nxc5 25. b4 Ne6 26. fxe4 Nxd4 27. Bxd4 Qxe4+ 28. Kg1 Bf4 29. Qd3 Bxg5 30. Rf1 Rxf1+ 31. Bxf1 Qg4+ 32. Bg2 Re1+ 33. Kf2 Bh4+ 34. Rxh4 Qxh4+ 35. Kf3 Re4 36. Be3 Rxb4 37. Bd2 Qe4+ 38. Kf2 Qxd3 0-1


[Site "https://www.chess.com"]

[Event "Titled Tuesday Blitz August 16 Early 2022"]
[White "Miszler, Levente"]
[Black "Sanchez, Robert"]
[WhiteFideId "763276"]
[BlackFideId "2034360"]
[WhiteElo "1966"]
[BlackElo "1966"]
[Result "0-1"]
[Round "03"]
[TimeControl "180+2"]
[Date "2022.08.18"]
[WhiteClock "0:00:00"]
[BlackClock "0:00:00"]

1. Nf3 e6 2. e4 d5 3. e5 c5 4. b4 c4 5. a3 Nc6 6. d4 cxd3 7. cxd3 Nge7 8. d4 Nf5 9. Bb2 Qb6 10. Be2 Be7 11. O-O O-O 12. Qd3 f6 13. Nbd2 fxe5 14. dxe5 Bd7 15. Nb3 a6 16. Rac1 Be8 17. Nc5 Bxc5 18. Rxc5 Bg6 19. Qd2 Qd8 20. b5 axb5 21. Bxb5 Nh4 22. Nxh4 Qxh4 23. Bxc6 bxc6 24. Rxc6 Rac8 25. Rxe6 Rc2 26. Qxd5 Bf7 27. Bd4 Rd8 28. Qb3 Qxd4 29. Qxc2 Bxe6 30. Qc7 Rc8 31. Qe7 Qxe5 32. g3 Qf5 33. Re1 Bf7 34. Qb7 h6 35. h4 Rf8 36. Qa7 Bd5 37. Qe3 Rf6 38. f4 Qg4 39. Qd2 Qxg3+ 40. Kf1 Rxf4+ 41. Qxf4 Qxf4+ 42. Kg1 Qg3+ 0-1


[Site "https://www.chess.com"]

[Event "Titled Tuesday Blitz August 16 Early 2022"]
[White "Mitrabha, Guha"]
[Black "Nakamura, Hikaru"]
[WhiteFideId "5057000"]
[BlackFideId "2016192"]
[WhiteElo "2499"]
[BlackElo "2850"]
[Result "0-1"]
[Round "03"]
[TimeControl "180+1"]
[Date "2022.08.16"]
[WhiteClock "0:00:08"]
[BlackClock "0:00:09"]

1. d4 g6 2. Nf3 f5 3. Nc3 Nf6 4. Bg5 Bg7 5. Bxf6 exf6 6. g3 d5 7. Bg2 c6 8. O-O O-O 9. e3 Nd7 10. Ne2 Nb6 11. b3 Be6 12. Nd2 a5 13. Rc1 a4 14. c4 axb3 15. axb3 Bf7 16. Qc2 Re8 17. Ra1 Bf8 18. Nf4 Qd7 19. Nd3 Reb8 20. c5 Nc8 21. b4 Na7 22. Nb1 Nb5 23. Nc3 Nc7 24. Na4 Qe8 25. Nb6 Rxa1 26. Rxa1 g5 27. Qd2 h5 28. Bf1 Bh6 29. f4 h4 30. Kf2 Qe7 31. Bh3 Bg6 32. Bg2 Re8 33. Bf3 Kg7 34. Bg2 Rh8 35. Na4 Bh5 36. Nc3 Re8 37. Ra7 Rb8 38. b5 Be8 39. Nb4 Qd8 40. Qa2 Kg6 41. Qa5 Ne6 42. Qxd8 Nxd8 43. Bf3 Bf8 44. Bd1 Ne6 45. Ba4 Nxc5 46. bxc6 Nxa4 47. Rxb7 Ra8 48. Ncxd5 Bxb4 49. Nxb4 Nc3 50. c7 Rc8 51. d5 Kf7 52. d6 Ne4+ 53. Ke2 Nxd6 54. Ra7 Nb5 55. Rb7 Rxc7 56. Rb6 Nc3+ 57. Kd3 Bb5+ 58. Kd2 Ne4+ 59. Kd1 Ba4+ 60. Ke2 Rd7 61. Kf3 g4+ 62. Ke2 Nc3+ 63. Kf2 Rd2+ 64. Ke1 Rd1+ 65. Kf2 Ne4+ 66. Ke2 Rd2+ 67. Kf1 Rxh2 68. gxh4 g3 0-1


[Site "https://www.chess.com"]

[Event "Titled Tuesday Blitz August 16 Early 2022"]
[White "Moreira, Ronaldo Alonso"]
[Black "Pourkashiyan, Atousa"]
[WhiteFideId "2110547"]
[BlackFideId "12502014"]
[WhiteElo "2037"]
[BlackElo "2247"]
[Result "0-1"]
[Round "03"]
[TimeControl "180+2"]
[Date "2022.08.18"]
[WhiteClock "0:00:00"]
[BlackClock "0:00:00"]

1. d4 Nf6 2. c4 e6 3. Nc3 Bb4 4. e3 d5 5. Bd2 O-O 6. Rc1 Nbd7 7. Nf3 c5 8. cxd5 exd5 9. Bd3 cxd4 10. Nxd4 Ne5 11. Bb1 Bg4 12. Qb3 Bc5 13. Nxd5 Bxd4 14. Nxf6+ Qxf6 15. exd4 Nc6 16. Be3 Nxd4 17. Qd3 Nf5 18. h3 Rad8 19. Qc2 g6 20. hxg4 Nxe3 21. fxe3 Rfe8 22. Qe2 Rd6 23. Rh3 Rb6 24. b3 Rbe6 25. Rd1 Qe5 26. Kf2 Qg5 27. Rd3 a5 28. Kg1 b5 29. Bc2 Qe5 30. Bd1 Qa1 31. Kh2 Qe5+ 32. g3 Rc8 0-1


[Site "https://www.chess.com"]

[Event "Titled Tuesday Blitz August 16 Early 2022"]
[White "Navalgund, Niranjan"]
[Black "Krsnik Cohar, Ivan Vihor"]
[WhiteFideId "5030854"]
[BlackFideId "14520044"]
[WhiteElo "2294"]
[BlackElo "2414"]
[Result "0-1"]
[Round "03"]
[TimeControl "180+2"]
[Date "2022.08.18"]
[WhiteClock "0:00:00"]
[BlackClock "0:00:00"]

1. e4 c5 2. d4 cxd4 3. c3 g6 4. h3 Bg7 5. Nf3 d5 6. exd5 Qxd5 7. cxd4 Nf6 8. Nc3 Qa5 9. Bb5+ Nbd7 10. O-O O-O 11. Re1 e6 12. Bf4 a6 13. Bc4 b5 14. Bb3 Bb7 15. Bd6 Rfd8 16. Ng5 Nf8 17. Be7 Re8 18. Bc5 h6 19. Nge4 Nxe4 20. Nxe4 Red8 21. Qf3 Qc7 22. Nf6+ Kh8 23. Qe3 Bxf6 24. Qxh6+ Kg8 25. Re3 Bg7 26. Qg5 Qc6 27. Be7 Bh6 28. Qg3 Bxe3 29. Bxd8 Bxf2+ 30. Qxf2 Rxd8 31. Rf1 Rd7 32. d5 exd5 33. Qd4 Ne6 34. Qf6 Nc5 35. Qd4 Nxb3 36. axb3 Rc7 37. Kh2 Qd6+ 38. Kh1 Qc5 39. Qf6 d4 40. Rf4 Qe7 41. Qxd4 Rd7 42. Qf2 Qd6 43. Qh4 Qe6 44. Kh2 Kg7 45. Qg3 Qe7 46. h4 Rd5 47. Qc3+ Qe5 48. Qg3 Qe6 49. Qd3 Rxd3 0-1


[Site "https://www.chess.com"]

[Event "Titled Tuesday Blitz August 16 Early 2022"]
[White "Nazari, Arad"]
[Black "So, Wesley"]
[WhiteFideId "12577324"]
[BlackFideId "5202213"]
[WhiteElo "2129"]
[BlackElo "2763"]
[Result "1-0"]
[Round "03"]
[TimeControl "180+1"]
[Date "2022.08.16"]
[WhiteClock "0:00:04"]
[BlackClock "0:00:04"]

1. e4 c5 2. Nf3 d6 3. Bb5+ Nd7 4. d4 cxd4 5. Qxd4 a6 6. Bxd7+ Bxd7 7. c4 e5 8. Qd3 b5 9. Nfd2 Nf6 10. Nc3 Qb6 11. O-O Be7 12. b3 O-O 13. a4 b4 14. Nd5 Nxd5 15. cxd5 f5 16. Nc4 Qb7 17. f3 f4 18. Bd2 a5 19. Be1 g5 20. Bf2 Qa6 21. Rac1 Rf6 22. Rfd1 Bd8 23. Nb2 Qxd3 24. Rxd3 Kf7 25. Nc4 Rb8 26. Rd2 h5 27. Rdc2 Rg6 28. Nd2 Ke8 29. Kf1 g4 30. Ke2 h4 31. h3 gxh3 32. gxh3 Bxh3 33. Rc6 Bd7 34. Ra6 h3 35. Nc4 Rc8 36. Rh1 Bxa4 37. Rxd6 Rxc4 38. Rxd8+ Kxd8 39. bxc4 Rh6 40. c5 Bb5+ 41. Kd2 h2 42. c6 Kc7 43. Bc5 1-0


[Site "https://www.chess.com"]

[Event "Titled Tuesday Blitz August 16 Early 2022"]
[White "Novikova, Galina"]
[Black "Cramling Bellon, Anna"]
[WhiteFideId "4157095"]
[BlackFideId "32009232"]
[WhiteElo "1923"]
[BlackElo "1905"]
[Result "0-1"]
[Round "03"]
[TimeControl "180+2"]
[Date "2022.08.18"]
[WhiteClock "0:00:00"]
[BlackClock "0:00:00"]

1. e4 c5 2. Nf3 e6 3. b4 cxb4 4. a3 bxa3 5. Nxa3 d5 6. e5 d4 7. Bd3 Nc6 8. c3 Nge7 9. O-O Ng6 10. Re1 dxc3 11. dxc3 Bc5 12. Nb5 O-O 13. Nd6 Bxd6 14. exd6 Qxd6 15. Ba3 Qf4 16. Bxf8 Nxf8 17. Re4 Qc7 18. Rh4 e5 19. Ng5 h6 20. Qh5 Ne6 21. Ne4 Nf4 22. Rxf4 exf4 23. Re1 Ne5 24. Bb1 Be6 25. h3 Nc4 26. Qe2 b5 27. Qd3 Rd8 28. Qe2 Bd5 29. f3 Bxe4 30. Qxe4 g6 31. Qc2 Ne3 32. Qe2 Qxc3 33. Kh2 Qd2 34. Be4 Qxe2 35. Rxe2 Rd1 36. Ra2 Nf1+ 37. Kg1 Ng3+ 38. Kf2 Rf1# 0-1


[Site "https://www.chess.com"]

[Event "Titled Tuesday Blitz August 16 Early 2022"]
[White "Nugumanov, Bakhtiyar"]
[Black "Ohanyan, Emin"]
[WhiteFideId "13701797"]
[BlackFideId "13312022"]
[WhiteElo "2287"]
[BlackElo "1927"]
[Result "1-0"]
[Round "03"]
[TimeControl "180+2"]
[Date "2022.08.18"]
[WhiteClock "0:00:00"]
[BlackClock "0:00:00"]

1. Nf3 d5 2. g3 g6 3. Bg2 Bg7 4. d4 Nf6 5. O-O O-O 6. c4 c6 7. Qb3 b5 8. cxb5 cxb5 9. Nc3 a6 10. Ne5 Bb7 11. a4 Nbd7 12. axb5 Nxe5 13. dxe5 Ne4 14. bxa6 Bxa6 15. Nxd5 Nc5 16. Qe3 Ne6 17. Nb4 Bb7 18. Rxa8 Qxa8 19. Bxb7 Qxb7 20. Bd2 Qb5 21. Bc3 h5 22. h4 Qc4 23. Rd1 Rb8 24. Nd5 Rb7 25. Qf3 Ra7 26. Kg2 Qb3 27. Rd3 Qb8 28. Nb4 Qc8 29. Nc6 Rc7 30. Nb4 Kh8 31. Nd5 Rc4 32. Rd2 Qe8 33. Ne3 Rc8 34. Qd5 Kg8 35. Nc4 Rd8 36. Qf3 Rb8 37. Ne3 Bh6 38. Nd5 Bxd2 39. Bxd2 Rd8 40. e4 Qd7 41. Bc3 Nc7 42. Nf4 Qg4 43. Qe3 Ne6 44. Nd5 Ng7 45. Nxe7+ Kh7 46. Nd5 Ne8 47. Qa7 Rd7 48. Qe3 Rd8 49. Bd4 Qc8 50. Bc3 Qc4 51. Qf3 Kg8 52. e6 f5 53. Ne7+ Kh7 54. exf5 Kh6 55. Qe3+ Kh7 56. fxg6# 1-0


[Site "https://www.chess.com"]

[Event "Titled Tuesday Blitz August 16 Early 2022"]
[White "Olivares Olivares, Claudio"]
[Black "Petrova, Irina"]
[WhiteFideId "3400786"]
[BlackFideId "14124122"]
[WhiteElo "2249"]
[BlackElo "2021"]
[Result "0-1"]
[Round "03"]
[TimeControl "180+2"]
[Date "2022.08.18"]
[WhiteClock "0:00:00"]
[BlackClock "0:00:00"]

1. e4 d6 2. d4 Nf6 3. Nc3 e5 4. dxe5 dxe5 5. Qxd8+ Kxd8 6. Bc4 Ke8 7. f3 a6 8. Be3 b5 9. Bb3 Nbd7 10. a4 Rb8 11. axb5 axb5 12. Ra7 Bd6 13. Nge2 b4 14. Na4 Ke7 15. h4 Bb7 16. g4 h6 17. Ng3 g6 18. Kf2 Bc6 19. g5 hxg5 20. hxg5 Nh5 21. Nxh5 Rxh5 22. Rxh5 gxh5 23. Kg3 Rh8 24. Kh4 Bb5 25. Nb6 cxb6 26. Bxb6 Bc6 27. c4 bxc3 28. bxc3 Ra8 29. Kxh5 Rxa7 30. Bxa7 Bc5 31. Bxc5+ Nxc5 32. Bc4 Ba4 33. Kh4 Bd1 34. Kg3 Bc2 35. Bd5 Bb3 36. Bc6 Bc4 37. f4 exf4+ 38. Kxf4 Ne6+ 39. Kf5 Bf1 40. Bd5 Bh3+ 41. Ke5 Nxg5 42. c4 Nf3+ 43. Kf4 Nd2 44. c5 Bc8 45. Ke5 f6+ 46. Kd4 Nf3+ 47. Kc4 Ne5+ 48. Kb5 Kd8 49. Kb6 Bg4 50. Kb7 Bc8+ 51. Kb8 Nd7+ 52. Ka7 Nxc5 53. Kb6 Nd7+ 54. Kb5 Ke7 55. Kc4 Kd6 56. Kd4 Ne5 57. Ba8 Bd7 58. Bd5 Bc6 59. Bb3 Nd7 60. Bc2 Nf8 61. Bd3 Ne6+ 62. Ke3 Ke5 63. Bc2 Nc5 64. Bb1 Bxe4 0-1


[Site "https://www.chess.com"]

[Event "Titled Tuesday Blitz August 16 Early 2022"]
[White "Omariev, Maksim"]
[Black "Melikyan, Gnel"]
[WhiteFideId "4193423"]
[BlackFideId "54109990"]
[WhiteElo "2304"]
[BlackElo "1772"]
[Result "0-1"]
[Round "03"]
[TimeControl "180+2"]
[Date "2022.08.18"]
[WhiteClock "0:00:00"]
[BlackClock "0:00:00"]

1. g4 g6 2. Bg2 Bg7 3. d4 d5 4. h3 Nf6 5. Nf3 c6 6. c3 h5 7. g5 Ne4 8. h4 O-O 9. Bf4 Re8 10. Nbd2 Nxd2 11. Qxd2 Qb6 12. O-O-O Nd7 13. e3 a5 14. Kb1 a4 15. Rhe1 Qa5 16. Ka1 Nb6 17. Ne5 Bxe5 18. Bxe5 Nc4 19. Qc2 Bf5 20. e4 dxe4 21. Bxe4 Bxe4 22. Qxe4 a3 23. b4 Qd5 24. Qe2 b5 25. Bg3 Rad8 26. Rd3 e5 27. Qd1 e4 28. Rd2 e3 29. Rde2 Qf3 30. Bh2 Re6 31. fxe3 Rde8 32. Bf4 Qd5 33. Qd3 Re4 34. Bg3 Nb2 35. Qc2 Nc4 36. Bf4 Qf5 37. Qb1 Qg4 38. Qd3 Qxh4 39. Be5 Qg4 40. Bf6 Qf5 41. Qc2 Nd6 42. Qd1 R4e6 43. Qd2 Qd5 44. e4 Rxe4 45. Rxe4 Rxe4 46. Rxe4 Qxe4 0-1


[Site "https://www.chess.com"]

[Event "Titled Tuesday Blitz August 16 Early 2022"]
[White "Oparin, Grigoriy"]
[Black "Koridze, Lile"]
[WhiteFideId "24125890"]
[BlackFideId "13612514"]
[WhiteElo "2639"]
[BlackElo "2050"]
[Result "1-0"]
[Round "03"]
[TimeControl "180+1"]
[Date "2022.08.16"]
[WhiteClock "0:00:04"]
[BlackClock "0:00:06"]

1. e4 c5 2. Nf3 d6 3. d4 cxd4 4. Nxd4 Nf6 5. Nc3 Nc6 6. Bg5 e6 7. Qd2 a6 8. Nxc6 bxc6 9. O-O-O h6 10. Bf4 d5 11. Qe3 Be7 12. f3 O-O 13. g4 c5 14. Bc4 d4 15. Qe2 Qa5 16. Nb1 Bd7 17. g5 hxg5 18. Bxg5 Bb5 19. Rhg1 Rfb8 20. Bd2 Qb6 21. b3 a5 22. Bxb5 Qxb5 23. Qxb5 Rxb5 24. a4 Rb7 25. Na3 Nd7 26. Nc4 Bd8 27. Rg2 Nb8 28. Rdg1 f6 29. Bh6 Raa7 30. Nd6 Rd7 31. Ne8 g5 32. h4 Kf7 33. hxg5 fxg5 34. Ng7 Bf6 35. Nh5 Be5 36. Bxg5 d3 37. Bd2 Bd4 38. Rh1 Nc6 39. Nf4 Ke7 40. Rh7+ Kd6 41. Rxd7+ Rxd7 42. Nxd3 Rh7 43. c3 Rh1+ 44. Kc2 Bf6 45. Bf4+ e5 46. Bd2 Rf1 47. Rf2 Rh1 48. Nb2 Bh4 49. Nc4+ Ke6 50. Rg2 Rf1 51. Rg6+ Kd7 52. Rh6 Bg3 53. Rg6 Rxf3 54. Be3 Bf2 55. Rxc6 Bxe3 56. Nxe5+ 1-0


[Site "https://www.chess.com"]

[Event "Titled Tuesday Blitz August 16 Early 2022"]
[White "Orlov, Georgi"]
[Black "Adewumi, Tanitoluwa"]
[WhiteFideId "2011271"]
[BlackFideId "30966396"]
[WhiteElo "2461"]
[BlackElo "2302"]
[Result "0-1"]
[Round "03"]
[TimeControl "180+2"]
[Date "2022.08.18"]
[WhiteClock "0:00:00"]
[BlackClock "0:00:00"]

1. e4 c5 2. Nf3 e6 3. c4 Nc6 4. Nc3 Nf6 5. Be2 d5 6. exd5 exd5 7. d4 cxd4 8. Nxd4 Bb4 9. O-O O-O 10. Be3 Bxc3 11. bxc3 Ne5 12. c5 Re8 13. Nb5 Qa5 14. Bd4 Ned7 15. Bf3 Qxb5 16. Rb1 Qc6 17. c4 Nxc5 18. cxd5 Qd6 19. Rc1 Nce4 20. Re1 Bf5 21. g4 Bg6 22. h4 h6 23. Bg2 Qf4 24. f3 Nd6 25. h5 Bh7 26. Bc5 Rxe1+ 27. Qxe1 Re8 28. Qf1 Nb5 29. d6 Nxd6 30. Rd1 Nc4 31. Rd4 Qe3+ 32. Kh2 Ne5 33. Kh1 Qg5 34. Qf2 Qc1+ 35. Kh2 Qxc5 36. Qd2 Nxf3+ 37. Bxf3 Qe5+ 38. Kg2 Be4 39. Bxe4 Nxe4 40. Qe3 f5 41. Rb4 f4 42. Qb3+ Kh8 43. Rxb7 Nd2 44. Qd3 Qe2+ 45. Qxe2 Rxe2+ 46. Kh3 f3 47. g5 hxg5 48. Kg4 f2 49. Rb8+ Kh7 50. h6 f1=Q 51. Rh8+ Kxh8 52. hxg7+ Kxg7 0-1


[Site "https://www.chess.com"]

[Event "Titled Tuesday Blitz August 16 Early 2022"]
[White "Ozates, Tuna"]
[Black "Fier, Alexandr"]
[WhiteFideId "6354521"]
[BlackFideId "2107139"]
[WhiteElo "2228"]
[BlackElo "2572"]
[Result "1-0"]
[Round "03"]
[TimeControl "180+2"]
[Date "2022.08.18"]
[WhiteClock "0:00:00"]
[BlackClock "0:00:00"]

1. e4 Nf6 2. e5 Nd5 3. d4 d6 4. c4 Nb6 5. exd6 cxd6 6. Nc3 g6 7. Be3 Bg7 8. Rc1 O-O 9. b3 Bf5 10. Be2 d5 11. c5 Nc8 12. g4 Be6 13. h4 Nc6 14. h5 f5 15. hxg6 hxg6 16. Qd2 f4 17. Bxf4 Nxd4 18. Bh6 Bf6 19. Bxf8 Qxf8 20. Nf3 Nxe2 21. Qxe2 Bxg4 22. Nxd5 Bg7 23. Rh4 Bxf3 24. Qe6+ Qf7 25. Qxf7+ Kxf7 26. Rf4+ Ke6 27. Nc7+ Kd7 28. Nxa8 Bh5 29. f3 Be5 30. Rd1+ Ke8 31. Re4 Bg3+ 32. Ke2 b6 33. c6 Nd6 34. c7 Kd7 35. Rxe7+ Kc8 36. Rxd6 1-0


[Site "https://www.chess.com"]

[Event "Titled Tuesday Blitz August 16 Early 2022"]
[White "Padmini, Rout"]
[Black "Jiganchine, Roman"]
[WhiteFideId "5029295"]
[BlackFideId "2603667"]
[WhiteElo "2181"]
[BlackElo "2205"]
[Result "1-0"]
[Round "03"]
[TimeControl "180+2"]
[Date "2022.08.18"]
[WhiteClock "0:00:00"]
[BlackClock "0:00:00"]

1. b3 d5 2. Bb2 Nf6 3. e3 c6 4. c4 Bf5 5. Nf3 h6 6. Nc3 e6 7. d4 Nbd7 8. Be2 Be7 9. O-O O-O 10. Ne5 Nxe5 11. dxe5 Nd7 12. cxd5 cxd5 13. Nb5 a6 14. Nd4 Bh7 15. f4 Rc8 16. Bd3 Bxd3 17. Qxd3 Nc5 18. Qe2 Ne4 19. f5 Bc5 20. fxe6 Bxd4 21. exf7+ Rxf7 22. Bxd4 Qd7 23. Rxf7 Qxf7 24. Rf1 Qe6 25. a4 Rf8 26. Rxf8+ Kxf8 27. Qc2 Kg8 28. h3 Kh7 29. Qe2 Qg6 30. Qf3 Kg8 31. e6 Qxe6 32. Qf4 Qf7 33. Qb8+ Kh7 34. Kh2 Kg6 35. a5 Kh7 36. Qe5 Kg6 37. b4 Kh7 38. Qf4 Kg6 39. Qg4+ Kh7 40. h4 Qg6 41. Qf4 h5 42. Qe5 Qf7 43. Qf4 Qxf4+ 44. exf4 g6 45. Kh3 Kg8 46. g4 hxg4+ 47. Kxg4 Kf7 48. f5 gxf5+ 49. Kxf5 Nd6+ 50. Ke5 Nb5 51. Kxd5 Ke7 52. h5 1-0


[Site "https://www.chess.com"]

[Event "Titled Tuesday Blitz August 16 Early 2022"]
[White "Papayan, Oleg"]
[Black "Blanco Ronquillo, Humberto L."]
[WhiteFideId "4193911"]
[BlackFideId "3504239"]
[WhiteElo "2038"]
[BlackElo "2425"]
[Result "0-1"]
[Round "03"]
[TimeControl "180+2"]
[Date "2022.08.18"]
[WhiteClock "0:00:00"]
[BlackClock "0:00:00"]

1. e4 c5 2. Nf3 Nc6 3. Bb5 Nf6 4. Nc3 e5 5. Bxc6 dxc6 6. h3 Bd6 7. d3 Nd7 8. Be3 Nf8 9. Ne2 Ne6 10. c3 O-O 11. Qd2 b6 12. O-O-O Ba6 13. Kb1 Qe7 14. Ng3 g6 15. h4 Rad8 16. h5 Nf4 17. Bxf4 exf4 18. Ne2 Bc7 19. Qc2 Rfe8 20. hxg6 hxg6 21. c4 Qf6 22. Qc3 Qxc3 23. Nxc3 Kg7 24. b3 Bc8 25. Ne1 Be5 26. Kc2 Bd4 27. f3 Rh8 28. Rf1 Rh2 29. Ne2 Be3 30. Kc3 Be6 31. a4 g5 32. Ra1 Kg6 33. a5 b5 34. a6 g4 35. Ra5 b4+ 36. Kc2 g3 37. Ra1 Bf2 38. Kd2 Rdh8 39. Nxf4+ Kf6 40. Nxe6 fxe6 41. Ke2 Ke5 42. f4+ Kxf4 43. Nf3 Rxg2 44. Ra5 Be3+ 45. Ke1 Rf2 46. Rxf2 gxf2+ 47. Ke2 Rh1 48. Ra2 f1=Q# 0-1


[Site "https://www.chess.com"]

[Event "Titled Tuesday Blitz August 16 Early 2022"]
[White "Pastar, Slaven"]
[Black "Bykhovsky, Anatoly"]
[WhiteFideId "14402718"]
[BlackFideId "2806991"]
[WhiteElo "2248"]
[BlackElo "2540"]
[Result "0-1"]
[Round "03"]
[TimeControl "180+1"]
[Date "2022.08.16"]
[WhiteClock "0:00:02"]
[BlackClock "0:00:35"]

1. b3 e5 2. Bb2 Nc6 3. Nf3 e4 4. Nd4 Nf6 5. e3 d5 6. c4 dxc4 7. Bxc4 Nxd4 8. Bxd4 Bd6 9. Nc3 Bf5 10. Qc2 Qe7 11. f4 c6 12. a4 O-O 13. O-O Rfe8 14. a5 a6 15. h3 h5 16. Rab1 Bb4 17. Ra1 Rad8 18. Ra4 Bc5 19. Ne2 Bd6 20. Ng3 Bg6 21. Qb2 h4 22. Bxf6 Qxf6 23. Qxf6 gxf6 24. Ne2 Bc5 25. f5 Bh7 26. Ra2 Rxd2 27. Rxd2 Bxe3+ 28. Kh2 Bxd2 29. g3 Bxa5 30. gxh4 Bc7+ 31. Kg2 b5 0-1


[Site "https://www.chess.com"]

[Event "Titled Tuesday Blitz August 16 Early 2022"]
[White "Perera Alfonso, Rene Humberto"]
[Black "Reprintsev, Alexander"]
[WhiteFideId "3514722"]
[BlackFideId "14100541"]
[WhiteElo "2320"]
[BlackElo "2350"]
[Result "0-1"]
[Round "03"]
[TimeControl "180+2"]
[Date "2022.08.18"]
[WhiteClock "0:00:00"]
[BlackClock "0:00:00"]

1. e4 d5 2. exd5 Qxd5 3. Nc3 Qa5 4. d4 Nf6 5. Nf3 Nc6 6. Bb5 Ne4 7. O-O Nxc3 8. bxc3 Qxb5 9. d5 Nd8 10. Qd4 e6 11. c4 Qc5 12. Qh4 Be7 13. Qg3 Bf6 14. Rb1 O-O 15. Rd1 Qxc4 16. Ne5 Qxc2 17. Bb2 exd5 18. h3 Be6 19. Rdc1 Qf5 20. Ng4 Bg5 21. Re1 h5 22. Ne3 Qf4 0-1


[Site "https://www.chess.com"]